 Dungeon Crawl Stone Soup version 0.31-a0-167-g1c394c0614 (webtiles) character file.

Game seed: 11184618768287940553

182 mandarbmax the Shooter (level 5, -1/41 HPs)
             Began as a Draconian Hunter on June 14, 2023.
             Killed from afar by an orc wizard (9 damage)
             ... with a magic dart
             ... on level 4 of the Dungeon.
             The game lasted 00:02:51 (2032 turns).

mandarbmax the Shooter (Draconian Hunter)           Turns: 2032, Time: 00:02:53

Health: -1/41      AC:  5    Str: 14    XL:     5   Next: 35%
Magic:  5/5        EV: 12    Int:  9    God:
Gold:   188        SH:  0    Dex: 16    Spells: 4/4 levels left

rFire   . . .        a - +0 shortbow
rCold   . . .        (shield currently unavailable)
rNeg    . . .        (body armour unavailable)
rPois   .            (helmet restricted)
rElec   .            (no cloak)
rCorr   .            (no gloves)
SInv    .            (no boots)
Will    .....        (no amulet)
Stlth   ++           (no ring)
HPRegen 0.26/turn    (no ring)
MPRegen 0.09/turn

%: no passive effects
@: no status effects
A: AC +5, unfitting armour, cold-blooded
a: no special abilities


You were on level 4 of the Dungeon.
You visited 1 branch of the dungeon, and saw 4 of its levels.

You collected 188 gold pieces.

Inventory:

Hand Weapons
 a - a +0 shortbow (weapon)
Scrolls
 b - a scroll of butterflies
 c - 2 scrolls of enchant weapon {unknown}
 e - a scroll of fog {unknown}
 f - a scroll of poison {unknown}
 g - a scroll of amnesia {unknown}
 j - 2 scrolls of torment {unknown}
 k - a scroll of revelation {unknown}
 l - a scroll of noise {unknown}
 m - 2 scrolls of fear {unknown}
 n - 2 scrolls of identify {unknown}
 r - a scroll of brand weapon {unknown}
 s - 2 scrolls of teleportation {unknown}
Potions
 d - 5 potions of curing {unknown}
 h - a potion of attraction {unknown}
 i - a potion of mutation {unknown}
 o - a potion of lignification {unknown}
 p - 2 potions of haste {unknown}
 q - a potion of invisibility {unknown}


   Skills:
 - Level 2.1 Fighting
 + Level 6.0 Ranged Weapons
 - Level 2.0 Dodging
 - Level 0.8 Stealth


You had 4 spell levels left.
You didn't know any spells.
Your spell library contained the following spells:

 Spells                   Type           Power      Damage    Failure   Level
 Cigotuvi's Dreadful Rot  Necr/Pois/Air  0%         N/A       52%         2
 Ignite Poison            Fire/Tmut/Pois 0%         N/A       77%         3
 Freezing Cloud           Conj/Ice/Air   0%         6-21      100%        5


Dungeon Overview and Level Annotations

Branches:
Dungeon (4/15)
 Temple: D:4-7

Altars:
Fedhas
Yredelemnul


Innate Abilities, Weirdness & Mutations

Your plain brown scales are hard. (AC +5)
You cannot fit into any form of body armour.
You are cold-blooded and may be slowed by cold attacks.


Message History

Aim: an orc, wielding a +0 dagger (moderately wounded, 64% to hit)
You shoot an arrow. Something hits you but does no damage.
Unknown command.
Fire: a) +0 shortbow
Press: ? - help, Q - select action Shift-Dir - straight line, f/p - orc
Aim: an orc, wielding a +0 dagger (moderately wounded, 64% to hit)
You shoot an arrow. The arrow hits the orc!
You kill the orc!
Something hits you.
* * * LOW HITPOINT WARNING * * *
Fire: a) +0 shortbow
Press: ? - help, Q - select action Shift-Dir - straight line You shoot an arrow.
You hear some strange, mumbled words.
A puff of flame appears from out of thin air!
The puff of flame misses you.
Fire: a) +0 shortbow
Press: ? - help, Q - select action Shift-Dir - straight line You shoot an arrow.
Something hits you.
* * * LOW HITPOINT WARNING * * *
Something hits you.
* * * LOW HITPOINT WARNING * * *
Fire: a) +0 shortbow
Press: ? - help, Q - select action Shift-Dir - straight line You shoot an arrow.
You hear some strange, mumbled words.
Something tries to affect you, but you resist.
Fire: a) +0 shortbow
Press: ? - help, Q - select action Shift-Dir - straight line You shoot an arrow.
Something hits you but does no damage.
Fire: a) +0 shortbow
Press: ? - help, Q - select action Shift-Dir - straight line You shoot an arrow.
You hear some strange, mumbled words.
A magic dart appears from out of thin air!
The magic dart hits you!
You die...

###.... .....#
.....# .[... #[..#
####### #...# (
#.....# #...#
..#.....####...#
.........@{).>.#
##.....####..)######
#.....[............
#......####.##)...
######.......+....
#####...# ...
........<# ..
######...# #...#


There were no monsters in sight!

Vanquished Creatures
  An orc priest (D:4)
  Jessica (D:2)
  Robin (D:2)
  2 adders
  A dart slug (D:4)
  8 orcs
  5 bats
  6 endoplasms
  3 giant cockroaches
  13 goblins
  11 hobgoblins
  6 kobolds
  4 quokkas
  10 ball pythons
  2 frilled lizards
  7 rats
81 creatures vanquished.

Notes
Turn   | Place    | Note
-------+----------+-------------------------------------------
     0 | D:1      | mandarbmax the Draconian Hunter began the quest for the
                  | Orb.
     0 | D:1      | Reached XP level 1. HP: 17/17 MP: 1/1
   142 | D:1      | Reached skill level 4 in Ranged Weapons
   142 | D:1      | Reached XP level 2. HP: 24/24 MP: 2/2
   886 | D:2      | Noticed Jessica
   888 | D:2      | Reached XP level 3. HP: 23/29 MP: 3/3
   895 | D:2      | Killed Jessica
   896 | D:2      | Reached skill level 5 in Ranged Weapons
   919 | D:2      | Reached XP level 4. HP: 36/36 MP: 4/4
  1135 | D:2      | Noticed Robin
  1151 | D:2      | Killed Robin
  1643 | D:3      | Identified the +4 leather armour "Visur Piqia" {+Inv}
  1667 | D:3      | Found a blossoming altar of Fedhas.
  1667 | D:3      | Found a basalt altar of Yredelemnul.
  1859 | D:3      | Reached XP level 5. HP: 40/41 MP: 5/5
  2018 | D:4      | Reached skill level 6 in Ranged Weapons
  2032 | D:4      | Killed from afar by an orc wizard

Illustrated notes

Levels and vault maps discovered:
D:1:      minmay_arrival_four_circles, layout_basic, serial_rivers,
          chequers_serial_rivers_small_b, chequers_serial_rivers_marsh,
          chequers_serial_rivers_micro_c, chequers_serial_rivers_room_a,
          chequers_serial_rivers_micro_a, chequers_serial_rivers_marsh,
          minmay_misc_feat_tower
D:2:      minmay_wonky_spiral, layout_rooms, kennysheep_cross_bottleneck,
          grunt_decor_cap, uniq_robin, uniq_jessica
D:3:      layout_basic, mainiacjoe_overflow_large_starburst
D:4:      layout_basic

Skill      XL: |  1  2  3  4  5 |
---------------+----------------+-----
Dodging        | 2 |  2.0
Ranged Weapons | 4 5 6 |  6.0
Fighting       | |  2.1
Stealth        | |  0.8

Action                     |  1- 3 |  4- 6 || total
---------------------------+-------+-------++-------
   Fire: Shortbow          |    97 |   141 ||   238
 Armour: Skin              |     8 |    15 ||    23
  Dodge: Dodged            |    22 |    23 ||    45

Table legend: (Time is in decaauts)
 A = Elapsed time spent in this place.
 B = Non-inter-level travel time spent in this place.
 C = Inter-level travel time spent in this place.
 D = Time resting spent in this place.
 E = Time spent auto-exploring this place.
 F = Levels seen in this place.
 G = Mean time per level.
                   A        B        C        D        E       F      G
               +--------+--------+--------+--------+--------+-----+--------+
         Total |   2076 |   1988 |     88 |      0 |   1589 |   4 |  519.0 |
       Dungeon |   2076 |   1988 |     88 |      0 |   1589 |   4 |  519.0 |
               +--------+--------+--------+--------+--------+-----+--------+

Top non-repeatable levels by time:
     D:1: 851 daAuts
     D:2: 741 daAuts
     D:3: 437 daAuts
     D:4: 44 daAuts
